 Dungeon Crawl Stone Soup version 0.30.1-11-g7821555f0a (webtiles) character file.

Game seed: 293955209634687799

10021 monsoonserge the Grappler (level 11, 0/111 HPs)
             Began as a Troll Fighter on Nov 18, 2023.
             Was a Priest of Wu Jian.
             Slain by a ten-headed hydra (10 damage)
             ... on level 2 of the Lair of Beasts.
             The game lasted 00:26:19 (8948 turns).

monsoonserge the Grappler (Troll Fighter)           Turns: 8948, Time: 00:26:19

Health: 0/111      AC: 11    Str: 26    XL:     11   Next: 30%
Magic:  10/10      EV:  9    Int:  8    God:    Wu Jian [***...]
Gold:   541        SH: 10    Dex:  9    Spells: 10/10 levels left

rFire   + .          .
                       - Unarmed
rCold   + . .        b - +0 kite shield
rNeg    . . .        P - +0 troll leather armour
rPois   .            l - +1 hat
rElec   .            v - scarf {rC+ rF+}
rCorr   .            (gloves unavailable)
SInv    .            (boots unavailable)
Will    .....        d - amulet of regeneration
Stlth   +            N - +4 ring of slaying
HPRegen 2.78/turn    F - +4 ring of protection
MPRegen 0.12/turn

%: no passive effects
@: exhausted
A: large, unfitting armour, claws 3, regeneration 1, shaggy fur 1, tough skin 1
a: Renounce Religion, Wall Jump, Serpent's Lash


You were on level 2 of the Lair of Beasts.
You worshipped Wu Jian.
Wu Jian was most pleased with you.
You visited 3 branches of the dungeon, and saw 13 of its levels.
You also visited: Sewer.

You collected 603 gold pieces.
You spent 62 gold pieces at shops.

Inventory:

Missiles
 s - 9 javelins
 I - 6 boomerangs of dispersal
 R - a poisoned dart (quivered)
Armour
 b - a +0 kite shield (worn)
 l - a +1 hat (worn)
 v - a scarf of resistance (worn)
 L - +0 steam dragon scales
 P - a +0 troll leather armour (worn)
Jewellery
 d - an amulet of regeneration (around neck)
 w - a ring of wizardry
 F - a +4 ring of protection (right claw)
 H - a ring of flight
 N - a +4 ring of slaying (left claw)
 S - a ring of magical power
Wands
 a - a wand of light (7)
 B - a wand of charming (15)
 D - a wand of roots (12)
 G - a wand of flame (16)
Scrolls
 g - a scroll of magic mapping
 i - 5 scrolls of teleportation
 j - 2 scrolls of vulnerability
 k - 5 scrolls of blinking
 m - 2 scrolls of amnesia
 n - 3 scrolls of immolation
 p - a scroll of brand weapon {unknown}
 t - a scroll of fog
 u - a scroll of silence
 y - 2 scrolls of enchant weapon
 C - 2 scrolls of enchant armour
 E - 2 scrolls of fear
 J - a scroll of butterflies
 K - a scroll of poison {unknown}
Potions
 c - 3 potions of might
 e - 2 potions of berserk rage
 f - 8 potions of flight
 h - 3 potions of heal wounds
 o - 2 potions of lignification {unknown}
 q - 8 potions of curing {unknown}
 r - 3 potions of resistance
 x - a potion of brilliance {unknown}
 z - 2 potions of cancellation {unknown}
 A - a potion of invisibility {unknown}
 M - 3 potions of attraction
 O - a potion of mutation {unknown}
Miscellaneous
 Q - a condenser vane


   Skills:
 + Level 7.9 Fighting
 - Level 2.7 Dodging
 + Level 8.7 Shields
 * Level 12.7 Unarmed Combat
 - Level 1.0 Evocations


You had 10 spell levels left.
You didn't know any spells.
Your spell library contained the following spells:

 Spells                   Type           Power      Damage    Failure   Level
 Sandblast                Erth           0%         2d4       65%         1
 Ensorcelled Hibernation  Hex/Ice        0%         N/A       78%         2
 Passwall                 Tmut/Erth      0%         N/A       78%         2
 Poisonous Vapours        Pois/Air       0%         N/A       78%         2
 Call Canine Familiar     Summ           0%         N/A       95%         3
 Mephitic Cloud           Conj/Pois/Air  0%         N/A       95%         3
 Portal Projectile        Hex/Tloc       0%         N/A       95%         3
 Stone Arrow              Conj/Erth      0%         3d7       95%         3
 Swiftness                Air            0%         N/A       95%         3
 Vhi's Electric Charge    Tloc/Air       0%         N/A       95%         3
 Leda's Liquefaction      Hex/Erth       0%         N/A       100%        4
 Arcjolt                  Conj/Air       0%         1d10      100%        5
 Freezing Cloud           Conj/Ice/Air   0%         6-21      100%        5
 Plasma Beam              Fire/Air       0%         2x1d11    100%        6


Dungeon Overview and Level Annotations

Branches:
Dungeon (10/15)            Temple (1/1) D:4            Lair (2/5) D:9
    Orc (0/2) D:10          Sewer (visited)
  Swamp: Lair:2-3    Shoals: Lair:2-3     Snake: Lair:2-3    Spider: Lair:2-3

Altars:
Ashenzari
Cheibriados
Dithmenos
Elyvilon
Fedhas
Gozag
Hepliaklqana
Kikubaaqudgha
Makhleb
Nemelex Xobeh
Okawaru
Qazlal
Ru
Sif Muna
Trog
Uskayaw
Vehumet
Wu Jian
Xom
Yredelemnul
Zin
The Shining One

Shops:
D:9 ([(*:

Annotations:
D:8 1 runed translucent door, Jaukkuri's ghost, novice TrBe
D:9 2 transporters
Lair:2 exclusion: oklob plant


Innate Abilities, Weirdness & Mutations

You are too large for most types of armour.
You have claws for hands.
Your natural rate of healing is unusually fast.
You are covered in fur. (AC +1)
You have tough skin. (AC +1)


Message History

You claw the blink frog!
The blink frog is heavily wounded.
Your supernatural speed expires.
You rip one of the nine-headed hydra's heads off!
The eight-headed hydra grows two more!
You claw the ten-headed hydra!
The ten-headed hydra is severely wounded.
You block the blink frog's attack. The ten-headed hydra bites you! x2
The ten-headed hydra bites you. x3
The ten-headed hydra closely misses you.
The ten-headed hydra bites you!
You block the ten-headed hydra's attack.
The ten-headed hydra barely misses you. x2; The blink frog blinks!
You scratch the ten-headed hydra.
The ten-headed hydra is severely wounded.
The blink frog blinks!
You block the ten-headed hydra's attack.
The ten-headed hydra barely misses you.
The ten-headed hydra bites you but does no damage.
The ten-headed hydra bites you! The ten-headed hydra barely misses you.
The ten-headed hydra bites you but does no damage.
The ten-headed hydra bites you.
You block the ten-headed hydra's attack.
The ten-headed hydra bites you! x2
* * * LOW HITPOINT WARNING * * *
Aiming: Bolt of Light
Press: ? - help, Shift-Dir - straight line, f - ten-headed hydra
Aim: a ten-headed hydra (severely wounded, 90% to hit)
The bolt of light hits the ten-headed hydra.
The ten-headed hydra is severely wounded.
The ten-headed hydra is blinded.
You block the ten-headed hydra's attack.
The ten-headed hydra bites you!
* * * LOW HITPOINT WARNING * * *
The ten-headed hydra bites you but does no damage.
The ten-headed hydra bites you!
* * * LOW HITPOINT WARNING * * *
You block the ten-headed hydra's attack.
The ten-headed hydra bites you but does no damage.
The ten-headed hydra bites you!
You die...

###
##..##......####
###.
######..####.....#
#. P#.##...##..#
P....## #.
............#
##....P#
.####.......##
#....##
##.#.....##§....P
###†...P#......
##....°§....).
#P....@D..$...
##....(....#P.
#...F#.....+
#....+.......
#............
#....#.......
#....#...PPP.
#.... .......


You could see a ten-headed hydra (blind) and a blink frog.

Vanquished Creatures
  A lindwurm (Lair:2)
  An elephant (D:9)
  A black mamba (Lair:1)
  A cane toad (Lair:2)
  Maggie (D:8)
  2 rime drakes
  2 trolls (D:10)
  2 hornets
  5 blink frogs
  8 yaks
  2 basilisks (D:9)
  2 wyverns
  A wraith (D:10)
  A warg (D:10)
  4 water moccasins
  A black bear (D:5)
  2 orc warriors
  2 sky beasts
  2 ice beasts
  3 ogres
  5 wolves (Lair:1)
  2 centaurs
  3 scorpions
  2 bullfrogs
  4 wights (D:8)
  4 killer bees (D:8)
  A howler monkey (D:6)
  5 electric eels
  4 jellies
  A hound (D:3)
  2 gnoll boudas
  7 orc priests
  6 hell rats (Lair:1)
  4 iguanas (D:5)
  2 sleepcaps (D:3)
  9 orc wizards
  12 gnolls
  13 adders
  3 river rats (Sewer)
  2 shadow imps
  A white imp (D:5)
  An ufetubus (D:4)
  A dart slug (D:2)
  2 worms (D:2)
  31 orcs
  14 bats
  5 endoplasms
  7 giant cockroaches
  10 goblins
  6 hobgoblins
  6 jackals
  3 quokkas
  11 ball pythons
  5 frilled lizards
  5 kobolds
  4 rats
247 creatures vanquished.

Vanquished Creatures (others)
  An orc (D:7)
1 creature vanquished.

Grand Total: 248 creatures vanquished

Notes
Turn   | Place    | Note
-------+----------+-------------------------------------------
     0 | D:1      | monsoonserge the Troll Fighter began the quest for the Orb.
     0 | D:1      | Reached XP level 1. HP: 22/22 MP: 0/0
    92 | D:1      | Reached XP level 2. HP: 29/29 MP: 1/1
   353 | D:1      | Reached XP level 3. HP: 36/36 MP: 2/2
   598 | D:2      | Reached skill level 3 in Unarmed Combat
   832 | D:2      | Identified the +3 helmet "Joseydd" {Harm rF+}
   851 | D:2      | Reached XP level 4. HP: 44/44 MP: 3/3
  1171 | D:3      | Found a glowing drain.
  1211 | Sewer    | Entered a sewer
  1221 | Sewer    | Reached XP level 5. HP: 51/53 MP: 4/4
  1357 | Sewer    | Reached skill level 4 in Unarmed Combat
  1845 | D:3      | Found an ancient bone altar of Kikubaaqudgha.
  1885 | D:3      | Reached XP level 6. HP: 36/61 MP: 5/5
  1929 | D:3      | You fall into a shaft and drop 1 floor!
  1929 | D:4      | Found a staircase to the Ecumenical Temple.
  1938 | Temple   | Entered the Ecumenical Temple
  2340 | D:3      | Found a sacrificial altar of Ru.
  2396 | D:3      | Found a faded altar of an unknown god.
  2855 | D:4      | Found an opulent altar of Gozag.
  2961 | D:5      | Entered Level 5 of the Dungeon
  3051 | D:5      | Found an ornate altar of the Wu Jian Council.
  3056 | D:5      | Became a worshipper of the Wu Jian Council
  3077 | D:5      | Reached skill level 5 in Unarmed Combat
  3187 | D:5      | Reached XP level 7. HP: 63/68 MP: 6/6
  3248 | D:5      | Reached skill level 1 in Evocations
  3462 | D:5      | Reached skill level 6 in Unarmed Combat
  3968 | D:6      | Reached XP level 8. HP: 69/79 MP: 7/7
  3991 | D:6      | Reached skill level 5 in Shields
  4226 | D:6      | Reached skill level 7 in Unarmed Combat
  4851 | D:7      | Reached skill level 5 in Fighting
  4886 | D:7      | Reached * piety under Wu Jian
  4898 | D:7      | Reached skill level 8 in Unarmed Combat
  5559 | D:7      | Found an iron altar of Okawaru.
  5817 | D:8      | Reached XP level 9. HP: 81/88 MP: 8/8
  6013 | D:8      | Noticed a +0 hand axe
  6014 | D:8      | Noticed a +0 dagger
  6017 | D:8      | Found a hide-covered altar of Uskayaw.
  6116 | D:7      | Reached skill level 9 in Unarmed Combat
  6122 | D:7      | Reached ** piety under Wu Jian
  6184 | D:8      | Noticed Maggie
  6202 | D:8      | Killed Maggie
  6236 | D:8      | Found a runed translucent door.
  6242 | D:8      | Reached skill level 10 in Unarmed Combat
  6261 | D:8      | Noticed Jaukkuri's ghost (novice TrBe)
  6314 | D:8      | Paralysed by a hornet for 1 turns
  6317 | D:8      | Reached XP level 10. HP: 91/100 MP: 9/9
  6354 | D:8      | Found a glowing silver altar of Zin.
  6673 | D:8      | Identified the +5 spear "Quyn" {venom, rElec Will+ Int+3}
  6726 | D:9      | Found a transporter.
  6727 | D:9      | Noticed a deep elf knight
  6730 | D:9      | Noticed an elephant
  6732 | D:9      | Found a staircase to the Lair.
  6770 | D:9      | Noticed a fire crab
  6779 | D:9      | Killed an elephant
  6852 | D:9      | Found Fura's Book Boutique.
  6958 | D:9      | Paralysed by a hornet for 2 turns
  6962 | D:9      | Reached skill level 11 in Unarmed Combat
  7045 | D:9      | Found a transporter.
  7052 | D:9      | Found Kockye's Weapon Emporium.
  7057 | D:9      | Found Dif Roci's Antique Armour Boutique.
  7215 | D:9      | Found Amuum's Antique Weapon Boutique.
  7305 | D:9      | Found Jyerchich's Assorted Antiques.
  7313 | D:9      | Bought a metallic dark potion for 31 gold pieces
  7313 | D:9      | Bought a black potion for 31 gold pieces
  7534 | D:10     | Entered Level 10 of the Dungeon
  7732 | D:10     | Reached *** piety under Wu Jian
  7746 | D:10     | Found a staircase to the Orcish Mines.
  7821 | D:10     | Noticed a gargoyle
  7826 | D:10     | Noticed a fire crab
  7831 | D:10     | a fire crab changed into a wind drake
  7887 | Lair:1   | Entered Level 1 of the Lair of Beasts
  7927 | Lair:1   | Identified the +3 short sword of Extinguishment {distort,
                  | Will++ Str-5 Int+2}
  8441 | Lair:1   | Reached skill level 12 in Unarmed Combat
  8471 | Lair:1   | Reached XP level 11. HP: 64/102 MP: 10/10
  8878 | Lair:2   | Noticed an oklob plant
  8914 | Lair:2   | Noticed a lindwurm
  8923 | Lair:2   | Killed a lindwurm
  8942 | Lair:2   | Noticed a six-headed hydra
  8948 | Lair:2   | Slain by a ten-headed hydra

Illustrated notes

Levels and vault maps discovered:
D:1:      zelgadis_glass_arrival_small, layout_rooms, minmay_split_cup_small
D:2:      layout_loops_ring
D:3:      layout_rooms, nicolae_ru_great_annihilating_truth,
          nicolae_kikubaaqudgha_miasma_corner,
          hellmonk_ecumenical_altar_pennies_from_heaven, portal_sewer_entry_f,
          hellmonk_no_cap
D:4:      layout_gridville, overflow_temple_1_default, minmay_temple_entry_wispy
D:5:      layout_gridville, mainiacjoe_overflow_six_doors_small
D:6:      layout_loops_ring
D:7:      layout_rooms, okawaru_metal_pillars_3, nrook_campfire, st_stairs_7,
          minmay_misc_feat_secret_circle, chequers_big_river, amethyst_killhole,
          chequers_arboretum
D:8:      layout_basic, kennysheep_mini, dancing_weapons_uskayaw,
          ebering_ghost_funeral_grove, uniq_maggie
D:9:      gammafunk_wand_slinger, layout_gridville, david_lair_generic,
          serial_shops, shop, nicolae_shop_real_fake_doors,
          nicolae_shop_bloodbath_and_beyond, shop, nicolae_inconvenience_store
D:10:     layout_loops_corners, erik_orc_3, serial_shops, shop,
          kennysheep_generic_room_13
Temple:   regret_index_temple_generic_petals
Lair:1:   layout_cave_pods, st_stairs_7, chequers_serial_rivers_large_a
Lair:2:   layout_chaotic_city, minmay_shoals_entry_centaurs,
          nicolae_spider_entry_tight_spaces

Skill      XL: |  1  2  3  4  5  6  7  8  9 10 |
---------------+-------------------------------+-----
Shields        | 3 4 6 7 8 |  8.7
Unarmed Combat | 3 4 5 6 8 10 12 | 12.7
Fighting       | 3 4 5 6 7 |  7.9
Evocations     | 1 |  1.0
Dodging        | |  2.7

Action                     |  1- 3 |  4- 6 |  7- 9 | 10-12 || total
---------------------------+-------+-------+-------+-------++-------
  Melee: Unarmed           |    96 |   161 |   287 |   230 ||   774
  Throw: Dart              |       |       |     3 |     1 ||     4
 Invoke: Serpent's Lash    |       |       |       |     1 ||     1
Ability: Lunge             |       |       |    29 |    16 ||    45
         Whirlwind         |       |       |    43 |    65 ||   108
         Wall Jump         |       |       |       |     1 ||     1
  Evoke: Wand              |       |       |     3 |     1 ||     4
    Use: Scroll            |       |     8 |     5 |     3 ||    16
   Stab: Invisible         |       |     1 |       |       ||     1
         Paralysed         |       |     1 |       |       ||     1
 Armour: Robe              |    37 |    57 |    59 |       ||   153
         Steam dragon scal |       |       |    13 |    70 ||    83
         Troll leather arm |       |       |       |    26 ||    26
  Dodge: Dodged            |    36 |    74 |    67 |    75 ||   252
  Block: Kite shield       |    45 |    68 |    79 |    69 ||   261
